Carnivores vs Mustangs
Created - January 7, 2021 at 20:53
Goals
|
| Carnivores |
1 |
3 |
1 |
5 |
| Mustangs |
0 |
2 |
0 |
2 |
|
Shots
|
| Carnivores |
9 |
10 |
9 |
28 |
| Mustangs |
11 |
19 |
7 |
37 |
|
1st period
1. Carnivores , Chris Lawrence 19 (Andreas Englund 6, Anton Gustafsson 15) at 4:40
Penalties :
No Penalty
2nd period
2. Carnivores , Brett Connolly 6 (Hunter Shinkaruk 9, Lucas Wallmark 7) at 2:27
3. Carnivores , Brett Connolly 7 (Hunter Shinkaruk 10, Lucas Wallmark 8) at 3:57
4. Mustangs , Jonathan Drouin 15 (Craig Smith 19, Melker Karlsson 27) at 4:07
5. Carnivores , Nicolas Deslauriers 8 (Chris Lawrence 26, Mattias Backman 4) at 8:48
6. Mustangs , Curtis Hamilton 4 (Iven Barbashev 4) at 16:05
Penalties :
Scott Laughton (Bre) for Holding (Minor) at 5:55
3rd period
7. Carnivores , Blake Geoffrion 19 (Mark McNeill 13) at 13:56
Penalties :
Travis Dermott (Bre) for Tripping (Minor) at 2:37, Nicolas Kerdiles (Bre) for Interference (Minor) at 7:21, Scott Mayfield (Ham) for Elbowing (Minor) at 13:59, Nicolas Deslauriers (Bre) for Slashing (Minor) at 17:05
Goalie Stats
Niklas Svedberg (Bre), 35 saves from 37 shots - (0.946), W, 13-3-1, 60:00 minutes
Anthony Stolarz (Ham), 10 saves from 11 shots - (0.909), 31:12 minutes
Connor Hellebyuk (Ham), 13 saves from 17 shots - (0.765), L, 9-12-1, 28:48 minutes
Players Stats for Carnivores
Player Name G A P +/- PIM S H SB GA TA FO MP PP MP PK MP
------------------------------------------------------------------------------------
Andreas Englund 0 1 1 1 0 1 0 0 0 0 0/0 12:54 0:00 3:43
Anton Gustafsson 0 1 1 2 0 0 2 1 0 0 9/16 14:30 0:00 3:46
Blake Geoffrion 1 0 1 1 0 5 1 0 1 1 0/0 16:19 0:46 0:03
Brett Connolly 2 0 2 2 0 2 0 0 0 0 0/0 5:51 0:00 0:00
Carl Dahlstrom 0 0 0 1 0 1 1 0 0 0 0/0 8:18 0:00 0:01
Chris Lawrence 1 1 2 2 0 1 0 1 0 0 0/0 10:44 0:00 0:00
Hunter Shinkaruk 0 2 2 2 0 0 1 0 1 0 0/0 7:25 0:00 1:21
Joel Armia 0 0 0 -2 0 2 1 0 1 0 0/0 19:00 1:13 0:00
Josh Morrissey 0 0 0 0 0 0 1 3 0 1 0/0 23:49 1:14 4:12
Lucas Wallmark 0 2 2 2 0 0 1 0 0 0 2/3 5:51 0:00 0:00
Mark McNeill 0 1 1 1 0 0 2 1 0 0 1/1 16:08 0:46 0:00
Markus Granlund 0 0 0 1 0 2 1 0 0 2 4/14 18:03 0:46 1:50
Mat Clark 0 0 0 1 0 0 0 3 1 0 0/0 19:14 1:14 4:03
Mattias Backman 0 1 1 1 0 2 0 4 0 0 0/0 13:48 0:00 0:10
Nicolas Deslauriers 1 0 1 2 2 1 1 0 0 0 0/0 13:13 0:00 2:30
Nicolas Kerdiles 0 0 0 -2 2 5 1 0 1 1 0/1 22:11 1:13 3:04
Riley Barber 0 0 0 0 0 0 0 0 0 0 0/0 2:17 0:00 2:17
Scott Laughton 0 0 0 -2 2 3 3 0 0 0 9/29 20:21 1:13 1:01
T.J Brodie 0 0 0 0 0 1 0 0 0 0 0/0 23:13 0:45 3:43
Travis Dermott 0 0 0 1 2 2 0 2 0 0 0/0 10:42 0:45 0:00
Trevor Van Riemsdyk 0 0 0 1 0 0 0 1 0 0 0/0 8:09 0:00 0:00
Players Stats for Mustangs
Player Name G A P +/- PIM S H SB GA TA FO MP PP MP PK MP
------------------------------------------------------------------------------------
Andrew O'Brien 0 0 0 1 0 0 1 0 0 1 0/0 20:27 3:26 0:58
Anthony Beauvillier 0 0 0 0 0 1 0 0 0 0 0/0 7:46 0:00 0:27
Antti Suomela 0 0 0 0 0 0 1 0 0 1 0/2 7:19 0:00 0:00
Chrstian Dvorak 0 0 0 -2 0 1 1 0 1 0 0/0 17:37 3:56 0:00
Craig Smith 0 1 1 0 0 4 3 2 1 0 2/4 21:43 4:00 1:11
Curtis Hamilton 1 0 1 -1 0 4 1 0 0 0 0/0 12:16 0:00 0:27
Dakota Mermis 0 0 0 -2 0 1 0 1 0 0 0/0 11:01 0:00 0:00
Henrik Samuelsson 0 0 0 -2 0 2 4 0 0 0 4/6 18:42 3:56 0:21
Iven Barbashev 0 1 1 -1 0 3 0 2 0 0 10/13 11:49 0:00 0:00
Jonathan Drouin 1 0 1 0 0 7 2 0 0 0 0/1 20:32 4:00 0:00
Jordan Schmaltz 0 0 0 1 0 1 1 1 0 2 0/0 20:27 3:26 0:58
Josh Jooris 0 0 0 -2 0 2 2 0 0 0 0/0 18:42 3:56 0:21
Kurt Sauer 0 0 0 -2 0 1 1 0 0 0 0/0 12:46 0:00 1:01
Max Gortz 0 0 0 0 0 3 0 0 0 0 0/0 7:19 0:00 0:00
Melker Karlsson 0 1 1 0 0 3 2 0 0 0 22/37 21:43 4:00 1:11
Nick Schmaltz 0 0 0 -1 0 0 0 0 2 1 1/1 11:49 0:00 0:00
Scott Mayfield 0 0 0 -2 2 2 1 2 1 0 0/0 27:30 4:30 0:00
Will Butcher 0 0 0 -2 0 2 1 3 0 0 0/0 28:32 4:30 1:01
3 Stars
1 - Brett Connolly (Bre)
2 - Chris Lawrence (Bre)
3 - Niklas Svedberg (Bre)
Power Play
Carnivores - 0 on 1 Attempt(s) - 0.00%
Mustangs - 0 on 4 Attempt(s) - 0.00%
Penalty Kill
Carnivores - 4 on 4 Attempt(s) - 100.00%
- Score 0 goal in Penalty Kill
Mustangs - 1 on 1 Attempt(s) - 100.00%
- Score 0 goal in Penalty Kill
Team Stat
Carnivores - Hits : 16 - Faceoff Wins : 25 - Blocked Shots : 16 - Penalty Minutes : 8
Mustangs - Hits : 21 - Faceoff Wins : 39 - Blocked Shots : 11 - Penalty Minutes : 2
Official
Referees : Unknown
Linesman : Unknown
Game Notes
Anthony Stolarz enters game at 8:48 of 2nd period
Finance
Level 1 -- Attendance: 1304 (65.20%) -- Ticket Income $52,160
Level 2 -- Attendance: 669 (66.90%) -- Ticket Income $13,380
Total Attendance: 1973 (65.77%)
Total Ticket Income: $65,540
Other Income: $3,277
Total Income: $68,817
Carnivores
5 vs 5 Forward
Center Left Wing Right Wing Time % Phy DF OF
1 Scott Laughton Nicolas Kerdiles Joel Armia 40 1 2 2
2 Markus Granlund Blake Geoffrion Mark McNeill 30 1 2 2
3 Anton Gustafsson Nicolas Deslauriers Chris Lawrence 20 1 2 2
4 Lucas Wallmark Hunter Shinkaruk Brett Connolly 10 1 2 2
5 vs 5 Defense
Defense Defense Time % Phy DF OF
1 Josh Morrissey T.J Brodie 40 1 2 2
2 Mat Clark Mattias Backman 30 1 2 2
3 Andreas Englund Travis Dermott 20 1 2 2
4 Carl Dahlstrom Trevor Van Riemsdyk 10 1 2 2
PowerPlay Forward
Center Left Wing Right Wing Time % Phy DF OF
1 Scott Laughton Nicolas Kerdiles Joel Armia 60 1 1 3
2 Markus Granlund Blake Geoffrion Mark McNeill 40 1 1 3
PowerPlay Defense
Defense Defense Time % Phy DF OF
1 Mat Clark Josh Morrissey 60 1 1 3
2 T.J Brodie Travis Dermott 40 1 1 3
Penalty Kill 4 Players Forward
Center Wing Time % Phy DF OF
1 Anton Gustafsson Nicolas Kerdiles 60 1 2 2
2 Markus Granlund Nicolas Deslauriers 40 1 2 2
Penalty Kill 4 Players Defense
Defense Defense Time % Phy DF OF
1 Mat Clark Josh Morrissey 60 1 3 1
2 Andreas Englund T.J Brodie 40 1 3 1
Penalty Kill - 3 Players Forward
Forward Time % Phy DF OF
1 Anton Gustafsson 60 1 3 1
2 Mark McNeill 40 1 3 1
Penalty Kill - 3 Players Defense
Defense Defense Time % Phy DF OF
1 Mat Clark Josh Morrissey 60 1 3 1
2 Andreas Englund T.J Brodie 40 1 3 1
4 vs 4 Forward
Center Wing Time % Phy DF OF
1 Scott Laughton Nicolas Kerdiles 60 1 2 2
2 Markus Granlund Blake Geoffrion 40 1 2 2
4 vs 4 Defense
Defense Defense Time % Phy DF OF
1 Mat Clark Josh Morrissey 60 1 2 2
2 T.J Brodie Travis Dermott 40 1 2 2
Last Minutes Offensive
Center Left Wing Right Wing Defense Defense
Scott Laughton Nicolas Kerdiles Joel Armia Mat Clark Josh Morrissey
Last Minutes Defensive
Center Left Wing Right Wing Defense Defense
Markus Granlund Nicolas Kerdiles Mark McNeill Mat Clark Josh Morrissey
Goaltenders
Starting : Niklas Svedberg
Backup : Tristan Jarry
Extra Forwards
Normal : Riley Barber, Markus Granlund, Mark McNeill - PP : Riley Barber, Hunter Shinkaruk - PK : Riley Barber
Extra Defensemen
Normal : Mattias Backman, Andreas Englund, Trevor Van Riemsdyk - PP : Mattias Backman - PK : Mattias Backman, Carl Dahlstrom
Penalty Shots
Blake Geoffrion, Anton Gustafsson, Markus Granlund, Scott Laughton, Joel Armia
Scratches
Ryan Olsen (Healthy), Freddie Hamilton (Healthy), Adam Almquist (Healthy), Sergei Zborovskiy (Healthy), Filip Chlapik (Healthy)
Stanislav Galiev (Healthy), Mark MacMillan (Healthy), Troy Bourke (Healthy), Alexandre Mallet (Healthy), Christian Djoos (Back Spasms Injury)
Josh Wesley (Healthy), Linus Ullmark (Healthy), Felix Sanstrom (Healthy)
Mustangs
5 vs 5 Forward
Center Left Wing Right Wing Time % Phy DF OF
1 Melker Karlsson Jonathan Drouin Craig Smith 40 0 2 3
2 Henrik Samuelsson Chrstian Dvorak Josh Jooris 30 0 2 3
3 Iven Barbashev Curtis Hamilton Nick Schmaltz 20 0 2 3
4 Antti Suomela Anthony Beauvillier Max Gortz 10 0 2 3
5 vs 5 Defense
Defense Defense Time % Phy DF OF
1 Scott Mayfield Will Butcher 40 1 2 2
2 Jordan Schmaltz Andrew O'Brien 30 1 2 2
3 Dakota Mermis Kurt Sauer 20 1 2 2
4 Scott Mayfield Will Butcher 10 1 2 2
PowerPlay Forward
Center Left Wing Right Wing Time % Phy DF OF
1 Melker Karlsson Jonathan Drouin Craig Smith 60 1 2 2
2 Henrik Samuelsson Chrstian Dvorak Josh Jooris 40 1 2 2
PowerPlay Defense
Defense Defense Time % Phy DF OF
1 Scott Mayfield Will Butcher 60 1 2 2
2 Jordan Schmaltz Andrew O'Brien 40 1 2 2
Penalty Kill 4 Players Forward
Center Wing Time % Phy DF OF
1 Melker Karlsson Craig Smith 60 1 2 2
2 Henrik Samuelsson Josh Jooris 40 1 2 2
Penalty Kill 4 Players Defense
Defense Defense Time % Phy DF OF
1 Scott Mayfield Will Butcher 60 1 2 2
2 Jordan Schmaltz Andrew O'Brien 40 1 2 2
Penalty Kill - 3 Players Forward
Forward Time % Phy DF OF
1 Melker Karlsson 60 1 2 2
2 Henrik Samuelsson 40 1 2 2
Penalty Kill - 3 Players Defense
Defense Defense Time % Phy DF OF
1 Scott Mayfield Will Butcher 60 1 2 2
2 Jordan Schmaltz Andrew O'Brien 40 1 2 2
4 vs 4 Forward
Center Wing Time % Phy DF OF
1 Melker Karlsson Jonathan Drouin 60 1 2 2
2 Henrik Samuelsson Chrstian Dvorak 40 1 2 2
4 vs 4 Defense
Defense Defense Time % Phy DF OF
1 Scott Mayfield Will Butcher 60 1 2 2
2 Jordan Schmaltz Andrew O'Brien 40 1 2 2
Last Minutes Offensive
Center Left Wing Right Wing Defense Defense
Melker Karlsson Jonathan Drouin Craig Smith Scott Mayfield Will Butcher
Last Minutes Defensive
Center Left Wing Right Wing Defense Defense
Melker Karlsson Chrstian Dvorak Craig Smith Scott Mayfield Will Butcher
Goaltenders
Starting : Connor Hellebyuk
Backup : Anthony Stolarz
Extra Forwards
Normal : Nick Schmaltz, Iven Barbashev, Curtis Hamilton - PP : Nick Schmaltz, Iven Barbashev - PK : Curtis Hamilton
Extra Defensemen
Normal : Will Butcher, Jordan Schmaltz, Scott Mayfield - PP : Will Butcher - PK : Kurt Sauer, Andrew O'Brien
Penalty Shots
Nick Schmaltz, Melker Karlsson, Josh Jooris, Jonathan Drouin, Craig Smith
Scratches
Denis Malgin (Healthy), Matthew Finn (Healthy), Danny Biega (Healthy), Raphael Bussieres (Healthy), Sam Kurker (Healthy)
Josh Ho-Sang (Healthy), Brett Pollock (Healthy), Steven Spinner (Healthy), Jason Missiaen (Healthy)
% Time on Ice - Carnivores
Lines # - Real PCT - Wanted PCT - Time Play
Normal Forward
1 - 36% - 40% - 18:08
2 - 31% - 30% - 15:22
3 - 21% - 20% - 10:44
4 - 12% - 10% - 5:51
Normal Defense
1 - 37% - 40% - 18:31
2 - 29% - 30% - 14:19
3 - 18% - 20% - 9:06
4 - 16% - 10% - 8:09
PP Forward
1 - 61% - 60% - 1:13
2 - 39% - 40% - 0:46
PP Defense
1 - 62% - 60% - 1:14
2 - 38% - 40% - 0:45
PK Forward
1 - 82% - 60% - 6:32
2 - 18% - 40% - 1:24
PK Defense
1 - 53% - 60% - 4:13
2 - 47% - 40% - 3:43
PK3 Forward
1 - 0% - 60%
2 - 0% - 40%
PK3 Defense
1 - 0% - 60%
2 - 0% - 40%
44 Forward
1 - 0% - 60%
2 - 0% - 40%
44 Defense
1 - 0% - 60%
2 - 0% - 40%
Last Minute Offensive - 0:00
Last Minute Defensive - 0:00
Total
Forward - 60:00
Defense - 60:00
|
% Time on Ice - Mustangs
Lines # - Real PCT - Wanted PCT - Time Play
Normal Forward
1 - 33% - 40% - 16:32
2 - 29% - 30% - 14:25
3 - 24% - 20% - 11:49
4 - 15% - 10% - 7:19
Normal Defense
1 - 40% - 40% - 19:57
2 - 32% - 30% - 16:03
3 - 22% - 20% - 11:01
4 - 6% - 10% - 3:04
PP Forward
1 - 50% - 60% - 4:00
2 - 50% - 40% - 3:56
PP Defense
1 - 57% - 60% - 4:30
2 - 43% - 40% - 3:26
PK Forward
1 - 82% - 60% - 1:38
2 - 18% - 40% - 0:21
PK Defense
1 - 51% - 60% - 1:01
2 - 49% - 40% - 0:58
PK3 Forward
1 - 0% - 60%
2 - 0% - 40%
PK3 Defense
1 - 0% - 60%
2 - 0% - 40%
44 Forward
1 - 0% - 60%
2 - 0% - 40%
44 Defense
1 - 0% - 60%
2 - 0% - 40%
Last Minute Offensive - 0:00
Last Minute Defensive - 0:00
Total
Forward - 60:00
Defense - 60:00
|
Play-by-Play
1st period
0:01 of 1st period - Scott Laughton wins face-off versus Melker Karlsson in neutral zone.
0:14 of 1st period - Snap shot by Melker Karlsson.
0:14 of 1st period - Shot Misses the Net.
0:16 of 1st period - Wrist shot by Melker Karlsson.
0:16 of 1st period - Shot Misses the Net.
0:26 of 1st period - Scott Mayfield is hit by Blake Geoffrion and loses puck.
0:35 of 1st period - Wrist shot by Blake Geoffrion.
0:35 of 1st period - Stopped by Connor Hellebyuk with a rebound.
0:37 of 1st period - Snap shot by Markus Granlund.
0:37 of 1st period - Shot Blocked by Will Butcher.
0:39 of 1st period - Snap shot by Blake Geoffrion.
0:39 of 1st period - Stopped by Connor Hellebyuk without a rebound.
0:40 of 1st period - Anton Gustafsson wins face-off versus Iven Barbashev in Mustangs zone.
0:43 of 1st period - Slapshot by Chris Lawrence.
0:43 of 1st period - Shot Misses the Net.
0:45 of 1st period - Snap shot by Chris Lawrence.
0:45 of 1st period - Shot Misses the Net.
1:38 of 1st period - Snap shot by Jonathan Drouin.
1:38 of 1st period - Stopped by Niklas Svedberg with a rebound.
1:40 of 1st period - Snap shot by Andrew O'Brien.
1:40 of 1st period - Shot Hit the Post.
1:57 of 1st period - Off-side.
1:58 of 1st period - Anton Gustafsson wins face-off versus Antti Suomela in neutral zone.
2:25 of 1st period - T.J Brodie is hit by Jonathan Drouin and loses puck.
2:46 of 1st period - Snap shot by Josh Jooris.
2:46 of 1st period - Stopped by Niklas Svedberg without a rebound.
2:47 of 1st period - Henrik Samuelsson wins face-off versus Markus Granlund in Carnivores zone.
4:00 of 1st period - Slapshot by Kurt Sauer.
4:00 of 1st period - Stopped by Niklas Svedberg without a rebound.
4:01 of 1st period - Melker Karlsson wins face-off versus Anton Gustafsson in Carnivores zone.
4:16 of 1st period - Snap shot by Craig Smith.
4:16 of 1st period - Shot Misses the Net.
4:34 of 1st period - Snap shot by Anton Gustafsson.
4:34 of 1st period - Shot Blocked by Iven Barbashev.
4:36 of 1st period - Slapshot by Andreas Englund.
4:36 of 1st period - Stopped by Connor Hellebyuk with a rebound.
4:38 of 1st period - Slapshot by Andreas Englund.
4:38 of 1st period - Shot Blocked by Iven Barbashev.
4:40 of 1st period - Snap shot by Chris Lawrence.
4:40 of 1st period - Goal by Chris Lawrence - Carnivores : 1 - Mustangs : 0.
4:41 of 1st period - Scott Laughton wins face-off versus Melker Karlsson in neutral zone.
4:44 of 1st period - Wrist shot by Joel Armia.
4:44 of 1st period - Shot Misses the Net.
6:11 of 1st period - Snap shot by Melker Karlsson.
6:11 of 1st period - Shot Misses the Net.
6:17 of 1st period - Slapshot by Jonathan Drouin.
6:17 of 1st period - Stopped by Niklas Svedberg without a rebound.
6:18 of 1st period - Markus Granlund wins face-off versus Henrik Samuelsson in Carnivores zone.
6:29 of 1st period - Snap shot by Blake Geoffrion.
6:29 of 1st period - Shot Misses the Net.
6:31 of 1st period - Slapshot by Mattias Backman.
6:31 of 1st period - Deflect By Josh Jooris.
6:31 of 1st period - Stopped by Connor Hellebyuk with a rebound.
6:43 of 1st period - Mat Clark is hit by Melker Karlsson and loses puck.
7:04 of 1st period - Wrist shot by Iven Barbashev.
7:04 of 1st period - Shot Blocked by Travis Dermott.
7:10 of 1st period - Kurt Sauer is hit by Hunter Shinkaruk and loses puck.
7:29 of 1st period - Backhand shot by Max Gortz.
7:29 of 1st period - Stopped by Niklas Svedberg with a rebound.
7:31 of 1st period - Snap shot by Max Gortz.
7:31 of 1st period - Shot Blocked by Chris Lawrence.
7:33 of 1st period - Slapshot by Dakota Mermis.
7:33 of 1st period - Stopped by Niklas Svedberg with a rebound.
8:03 of 1st period - Henrik Samuelsson is hit by Josh Morrissey and loses puck.
8:35 of 1st period - Slapshot by Will Butcher.
8:35 of 1st period - Shot Blocked by Mattias Backman.
8:48 of 1st period - Icing by Jonathan Drouin.
8:49 of 1st period - Lucas Wallmark wins face-off versus Melker Karlsson in Mustangs zone.
9:18 of 1st period - Snap shot by Scott Laughton.
9:18 of 1st period - Shot Misses the Net.
9:20 of 1st period - Wrist shot by Scott Laughton.
9:20 of 1st period - Stopped by Connor Hellebyuk with a rebound.
9:56 of 1st period - Nicolas Deslauriers is hit by Kurt Sauer and loses puck.
10:40 of 1st period - Slapshot by Will Butcher.
10:40 of 1st period - Stopped by Niklas Svedberg without a rebound.
10:41 of 1st period - Melker Karlsson wins face-off versus Markus Granlund in Carnivores zone.
10:52 of 1st period - Will Butcher is hit by Mark McNeill.
11:06 of 1st period - Snap shot by Scott Laughton.
11:06 of 1st period - Shot Misses the Net.
11:08 of 1st period - Snap shot by Nicolas Kerdiles.
11:08 of 1st period - Stopped by Connor Hellebyuk with a rebound.
11:10 of 1st period - Wrist shot by Joel Armia.
11:10 of 1st period - Shot Misses the Net.
11:12 of 1st period - Slapshot by Carl Dahlstrom.
11:12 of 1st period - Stopped by Connor Hellebyuk without a rebound.
11:13 of 1st period - Scott Laughton wins face-off versus Henrik Samuelsson in Mustangs zone.
11:18 of 1st period - Snap shot by Scott Laughton.
11:18 of 1st period - Stopped by Connor Hellebyuk with a rebound.
12:00 of 1st period - Wrist shot by Nicolas Deslauriers.
12:00 of 1st period - Shot Blocked by Scott Mayfield.
12:02 of 1st period - Slapshot by Nicolas Deslauriers.
12:02 of 1st period - Shot Misses the Net.
12:04 of 1st period - Snap shot by Anton Gustafsson.
12:04 of 1st period - Shot Blocked by Will Butcher.
12:06 of 1st period - Snap shot by Anton Gustafsson.
12:06 of 1st period - Shot Blocked by Will Butcher.
12:18 of 1st period - Mat Clark is hit by Antti Suomela and loses puck.
12:47 of 1st period - Josh Jooris is hit by Scott Laughton and loses puck.
13:31 of 1st period - Wrist shot by Curtis Hamilton.
13:31 of 1st period - Stopped by Niklas Svedberg without a rebound.
13:32 of 1st period - Melker Karlsson wins face-off versus Scott Laughton in Carnivores zone.
13:33 of 1st period - Snap shot by Jonathan Drouin.
13:33 of 1st period - Deflect By Melker Karlsson.
13:33 of 1st period - Stopped by Niklas Svedberg with a rebound.
13:35 of 1st period - Snap shot by Craig Smith.
13:35 of 1st period - Stopped by Niklas Svedberg without a rebound.
13:36 of 1st period - Scott Laughton wins face-off versus Melker Karlsson in Carnivores zone.
13:49 of 1st period - Off-side.
13:50 of 1st period - Melker Karlsson wins face-off versus Markus Granlund in neutral zone.
13:59 of 1st period - Backhand shot by Markus Granlund.
13:59 of 1st period - Shot Blocked by Craig Smith.
14:22 of 1st period - Snap shot by Chrstian Dvorak.
14:22 of 1st period - Stopped by Niklas Svedberg without a rebound.
14:23 of 1st period - Melker Karlsson wins face-off versus Scott Laughton in Carnivores zone.
14:57 of 1st period - Slapshot by Josh Jooris.
14:57 of 1st period - Shot Blocked by Mattias Backman.
15:11 of 1st period - Nicolas Deslauriers is hit by Will Butcher and loses puck.
15:39 of 1st period - Snap shot by Max Gortz.
15:39 of 1st period - Shot Misses the Net.
15:59 of 1st period - Off-side.
16:00 of 1st period - Henrik Samuelsson wins face-off versus Markus Granlund in neutral zone.
16:20 of 1st period - Markus Granlund is hit by Josh Jooris.
16:24 of 1st period - Markus Granlund is hit by Henrik Samuelsson and loses puck.
16:39 of 1st period - Snap shot by Blake Geoffrion.
16:39 of 1st period - Shot Misses the Net.
16:49 of 1st period - Henrik Samuelsson is hit by Carl Dahlstrom and loses puck.
17:00 of 1st period - Snap shot by Josh Jooris.
17:00 of 1st period - Shot Misses the Net.
17:04 of 1st period - Wrist shot by Josh Jooris.
17:04 of 1st period - Shot Blocked by Trevor Van Riemsdyk.
17:06 of 1st period - Slapshot by Henrik Samuelsson.
17:06 of 1st period - Shot Misses the Net.
17:08 of 1st period - Snap shot by Josh Jooris.
17:08 of 1st period - Shot Blocked by Mark McNeill.
17:46 of 1st period - Wrist shot by Markus Granlund.
17:46 of 1st period - Shot Misses the Net.
18:08 of 1st period - Markus Granlund is hit by Henrik Samuelsson and loses puck.
18:32 of 1st period - Icing by Scott Mayfield.
18:33 of 1st period - Henrik Samuelsson wins face-off versus Scott Laughton in Mustangs zone.
18:48 of 1st period - Mattias Backman is hit by Josh Jooris and loses puck.
Goals for this period are 1 for Carnivores vs 0 for Mustangs.
Shots for this period are 9 for Carnivores vs 11 for Mustangs.
2nd period
0:01 of 2nd period - Craig Smith wins face-off versus Scott Laughton in neutral zone.
0:14 of 2nd period - Wrist shot by Craig Smith.
0:14 of 2nd period - Shot Blocked by Josh Morrissey.
0:16 of 2nd period - Wrist shot by Melker Karlsson.
0:16 of 2nd period - Stopped by Niklas Svedberg without a rebound.
0:17 of 2nd period - Iven Barbashev wins face-off versus Anton Gustafsson in Carnivores zone.
0:28 of 2nd period - Backhand shot by Nick Schmaltz.
0:28 of 2nd period - Shot Blocked by Josh Morrissey.
0:30 of 2nd period - Wrist shot by Iven Barbashev.
0:30 of 2nd period - Shot Misses the Net.
0:32 of 2nd period - Slapshot by Scott Mayfield.
0:32 of 2nd period - Deflect By Nicolas Deslauriers.
0:32 of 2nd period - Stopped by Niklas Svedberg with a rebound.
0:42 of 2nd period - Scott Mayfield is hit by Scott Laughton.
1:14 of 2nd period - Slapshot by Blake Geoffrion.
1:14 of 2nd period - Stopped by Connor Hellebyuk without a rebound.
1:15 of 2nd period - Anton Gustafsson wins face-off versus Melker Karlsson in Mustangs zone.
1:30 of 2nd period - Wrist shot by Nicolas Deslauriers.
1:30 of 2nd period - Shot Misses the Net.
1:42 of 2nd period - Kurt Sauer is hit by Joel Armia and loses puck.
1:47 of 2nd period - Snap shot by Scott Laughton.
1:47 of 2nd period - Deflect By Nicolas Kerdiles.
1:47 of 2nd period - Stopped by Connor Hellebyuk with a rebound.
1:49 of 2nd period - Snap shot by Scott Laughton.
1:49 of 2nd period - Stopped by Connor Hellebyuk with a rebound.
1:53 of 2nd period - Snap shot by Nicolas Kerdiles.
1:53 of 2nd period - Shot Misses the Net.
2:27 of 2nd period - Wrist shot by Brett Connolly.
2:27 of 2nd period - Goal by Brett Connolly - Carnivores : 2 - Mustangs : 0.
2:28 of 2nd period - Melker Karlsson wins face-off versus Scott Laughton in neutral zone.
2:31 of 2nd period - Slapshot by Craig Smith.
2:31 of 2nd period - Shot Misses the Net.
2:33 of 2nd period - Snap shot by Jonathan Drouin.
2:33 of 2nd period - Stopped by Niklas Svedberg with a rebound.
2:35 of 2nd period - Slapshot by Jordan Schmaltz.
2:35 of 2nd period - Deflect By Nicolas Kerdiles.
2:35 of 2nd period - Stopped by Niklas Svedberg with a rebound.
2:37 of 2nd period - Snap shot by Craig Smith.
2:37 of 2nd period - Stopped by Niklas Svedberg with a rebound.
2:39 of 2nd period - Snap shot by Craig Smith.
2:39 of 2nd period - Shot Misses the Net.
2:41 of 2nd period - Snap shot by Craig Smith.
2:41 of 2nd period - Deflect By Jonathan Drouin.
2:41 of 2nd period - Stopped by Niklas Svedberg without a rebound.
2:42 of 2nd period - Scott Laughton wins face-off versus Melker Karlsson in Carnivores zone.
2:47 of 2nd period - Wrist shot by Jonathan Drouin.
2:47 of 2nd period - Shot Misses the Net.
2:49 of 2nd period - Snap shot by Craig Smith.
2:49 of 2nd period - Shot Misses the Net.
3:57 of 2nd period - Slapshot by Brett Connolly.
3:57 of 2nd period - Goal by Brett Connolly - Carnivores : 3 - Mustangs : 0.
3:58 of 2nd period - Melker Karlsson wins face-off versus Scott Laughton in neutral zone.
4:01 of 2nd period - Nicolas Kerdiles is hit by Craig Smith.
4:07 of 2nd period - Snap shot by Jonathan Drouin.
4:07 of 2nd period - Goal by Jonathan Drouin - Carnivores : 3 - Mustangs : 1.
4:08 of 2nd period - Scott Laughton wins face-off versus Melker Karlsson in neutral zone.
4:27 of 2nd period - Melker Karlsson is hit by Nicolas Kerdiles and loses puck.
5:55 of 2nd period - Minor Penalty to Scott Laughton for Holding.
5:56 of 2nd period - Melker Karlsson wins face-off versus Anton Gustafsson in Carnivores zone.
6:29 of 2nd period - Wrist shot by Henrik Samuelsson.
6:29 of 2nd period - Stopped by Niklas Svedberg with a rebound.
6:41 of 2nd period - Nicolas Deslauriers is hit by Jonathan Drouin and loses puck.
7:48 of 2nd period - Chrstian Dvorak is hit by Markus Granlund and loses puck.
7:55 of 2nd period - Penalty to Scott Laughton is over, Scott Laughton is back on ice.
8:03 of 2nd period - Slapshot by T.J Brodie.
8:03 of 2nd period - Shot Blocked by Scott Mayfield.
8:05 of 2nd period - Snap shot by Blake Geoffrion.
8:05 of 2nd period - Stopped by Connor Hellebyuk without a rebound.
8:06 of 2nd period - Iven Barbashev wins face-off versus Markus Granlund in Mustangs zone.
8:15 of 2nd period - Snap shot by Markus Granlund.
8:15 of 2nd period - Stopped by Connor Hellebyuk without a rebound.
8:16 of 2nd period - Melker Karlsson wins face-off versus Scott Laughton in Mustangs zone.
8:27 of 2nd period - Slapshot by Craig Smith.
8:27 of 2nd period - Shot Blocked by Mat Clark.
8:29 of 2nd period - Snap shot by Jonathan Drouin.
8:29 of 2nd period - Shot Blocked by Mattias Backman.
8:41 of 2nd period - Curtis Hamilton is hit by Anton Gustafsson and loses puck.
8:48 of 2nd period - Snap shot by Nicolas Deslauriers.
8:48 of 2nd period - Goal by Nicolas Deslauriers - Carnivores : 4 - Mustangs : 1.
8:48 of 2nd period - Anthony Stolarz enters game.
8:49 of 2nd period - Melker Karlsson wins face-off versus Scott Laughton in neutral zone.
9:15 of 2nd period - Josh Morrissey is hit by Curtis Hamilton and loses puck.
9:40 of 2nd period - Andrew O'Brien is hit by Mark McNeill and loses puck.
10:32 of 2nd period - Andreas Englund is hit by Melker Karlsson and loses puck.
11:18 of 2nd period - Off-side.
11:19 of 2nd period - Anton Gustafsson wins face-off versus Melker Karlsson in neutral zone.
11:50 of 2nd period - Snap shot by Anton Gustafsson.
11:50 of 2nd period - Deflect By Scott Mayfield.
11:50 of 2nd period - Shot Misses the Net.
11:50 of 2nd period - Puck is out of play.
11:51 of 2nd period - Iven Barbashev wins face-off versus Scott Laughton in Mustangs zone.
12:01 of 2nd period - Off-side.
12:02 of 2nd period - Scott Laughton wins face-off versus Melker Karlsson in neutral zone.
12:05 of 2nd period - Wrist shot by T.J Brodie.
12:05 of 2nd period - Shot Blocked by Craig Smith.
12:33 of 2nd period - Snap shot by Will Butcher.
12:33 of 2nd period - Stopped by Niklas Svedberg without a rebound.
12:34 of 2nd period - Melker Karlsson wins face-off versus Scott Laughton in Carnivores zone.
12:44 of 2nd period - Icing by Joel Armia.
12:45 of 2nd period - Melker Karlsson wins face-off versus Scott Laughton in Carnivores zone.
13:24 of 2nd period - Scott Laughton is hit by Chrstian Dvorak and loses puck.
13:31 of 2nd period - Wrist shot by Josh Jooris.
13:31 of 2nd period - Stopped by Niklas Svedberg with a rebound.
14:08 of 2nd period - Snap shot by Joel Armia.
14:08 of 2nd period - Stopped by Anthony Stolarz without a rebound.
14:09 of 2nd period - Markus Granlund wins face-off versus Melker Karlsson in Mustangs zone.
14:20 of 2nd period - Slapshot by Melker Karlsson.
14:20 of 2nd period - Shot Misses the Net.
14:22 of 2nd period - Slapshot by Will Butcher.
14:22 of 2nd period - Shot Misses the Net.
14:24 of 2nd period - Snap shot by Scott Mayfield.
14:24 of 2nd period - Stopped by Niklas Svedberg without a rebound.
14:25 of 2nd period - Anton Gustafsson wins face-off versus Iven Barbashev in Carnivores zone.
14:30 of 2nd period - Snap shot by T.J Brodie.
14:30 of 2nd period - Deflect By Scott Mayfield.
14:30 of 2nd period - Stopped by Anthony Stolarz without a rebound.
14:31 of 2nd period - Iven Barbashev wins face-off versus Anton Gustafsson in Mustangs zone.
16:03 of 2nd period - Snap shot by Curtis Hamilton.
16:03 of 2nd period - Stopped by Niklas Svedberg without a rebound.
16:04 of 2nd period - Iven Barbashev wins face-off versus Scott Laughton in Carnivores zone.
16:05 of 2nd period - Wrist shot by Curtis Hamilton.
16:05 of 2nd period - Goal by Curtis Hamilton - Carnivores : 4 - Mustangs : 2.
16:06 of 2nd period - Melker Karlsson wins face-off versus Scott Laughton in neutral zone.
16:11 of 2nd period - Wrist shot by Craig Smith.
16:11 of 2nd period - Shot Misses the Net.
16:13 of 2nd period - Slapshot by Craig Smith.
16:13 of 2nd period - Stopped by Niklas Svedberg without a rebound.
16:14 of 2nd period - Melker Karlsson wins face-off versus Scott Laughton in Carnivores zone.
16:51 of 2nd period - Snap shot by Jonathan Drouin.
16:51 of 2nd period - Shot Blocked by Josh Morrissey.
16:53 of 2nd period - Slapshot by Scott Mayfield.
16:53 of 2nd period - Deflect By Craig Smith.
16:53 of 2nd period - Shot Misses the Net.
16:53 of 2nd period - Puck is out of play.
16:54 of 2nd period - Iven Barbashev wins face-off versus Scott Laughton in Carnivores zone.
17:00 of 2nd period - Off-side.
17:01 of 2nd period - Nick Schmaltz wins face-off versus Scott Laughton in neutral zone.
17:14 of 2nd period - Wrist shot by Iven Barbashev.
17:14 of 2nd period - Stopped by Niklas Svedberg with a rebound.
18:00 of 2nd period - Curtis Hamilton is hit by Scott Laughton and loses puck.
18:25 of 2nd period - Slapshot by Nick Schmaltz.
18:25 of 2nd period - Deflect By Curtis Hamilton.
18:25 of 2nd period - Stopped by Niklas Svedberg with a rebound.
18:27 of 2nd period - Wrist shot by Iven Barbashev.
18:27 of 2nd period - Stopped by Niklas Svedberg without a rebound.
18:28 of 2nd period - Melker Karlsson wins face-off versus Markus Granlund in Carnivores zone.
18:41 of 2nd period - Wrist shot by Craig Smith.
18:41 of 2nd period - Shot Misses the Net.
19:03 of 2nd period - Wrist shot by Henrik Samuelsson.
19:03 of 2nd period - Stopped by Niklas Svedberg without a rebound.
19:04 of 2nd period - Lucas Wallmark wins face-off versus Melker Karlsson in Carnivores zone.
19:15 of 2nd period - Wrist shot by Brett Connolly.
19:15 of 2nd period - Shot Misses the Net.
19:54 of 2nd period - Snap shot by Max Gortz.
19:54 of 2nd period - Stopped by Niklas Svedberg with a rebound.
Goals for this period are 3 for Carnivores vs 2 for Mustangs.
Shots for this period are 10 for Carnivores vs 19 for Mustangs.
3rd period
0:01 of 3rd period - Scott Laughton wins face-off versus Jonathan Drouin in neutral zone.
0:10 of 3rd period - Wrist shot by Joel Armia.
0:10 of 3rd period - Stopped by Anthony Stolarz with a rebound.
0:12 of 3rd period - Slapshot by Scott Laughton.
0:12 of 3rd period - Shot Misses the Net.
0:14 of 3rd period - Wrist shot by Nicolas Kerdiles.
0:14 of 3rd period - Stopped by Anthony Stolarz without a rebound.
0:15 of 3rd period - Markus Granlund wins face-off versus Melker Karlsson in Mustangs zone.
1:51 of 3rd period - Craig Smith is hit by Lucas Wallmark and loses puck.
2:37 of 3rd period - Minor Penalty to Travis Dermott for Tripping.
2:38 of 3rd period - Melker Karlsson wins face-off versus Anton Gustafsson in Carnivores zone.
2:48 of 3rd period - Anton Gustafsson is hit by Scott Mayfield and loses puck.
3:33 of 3rd period - Slapshot by Markus Granlund.
3:33 of 3rd period - Stopped by Anthony Stolarz with a rebound.
4:37 of 3rd period - Penalty to Travis Dermott is over, Travis Dermott is back on ice.
4:38 of 3rd period - Snap shot by Scott Laughton.
4:38 of 3rd period - Shot Misses the Net.
4:40 of 3rd period - Snap shot by Scott Laughton.
4:40 of 3rd period - Shot Misses the Net.
4:42 of 3rd period - Slapshot by Mattias Backman.
4:42 of 3rd period - Shot Misses the Net.
4:44 of 3rd period - Slapshot by Mattias Backman.
4:44 of 3rd period - Stopped by Anthony Stolarz without a rebound.
4:45 of 3rd period - Iven Barbashev wins face-off versus Markus Granlund in Mustangs zone.
4:49 of 3rd period - Off-side.
4:50 of 3rd period - Iven Barbashev wins face-off versus Markus Granlund in neutral zone.
5:25 of 3rd period - Slapshot by Jonathan Drouin.
5:25 of 3rd period - Stopped by Niklas Svedberg with a rebound.
5:41 of 3rd period - Backhand shot by Will Butcher.
5:41 of 3rd period - Deflect By Anthony Beauvillier.
5:41 of 3rd period - Shot Blocked by Anton Gustafsson.
5:41 of 3rd period - Puck is out of play.
5:42 of 3rd period - Anton Gustafsson wins face-off versus Antti Suomela in Carnivores zone.
6:00 of 3rd period - Scott Mayfield is hit by Anton Gustafsson and loses puck.
6:38 of 3rd period - Wrist shot by Max Gortz.
6:38 of 3rd period - Stopped by Niklas Svedberg with a rebound.
6:49 of 3rd period - Icing by T.J Brodie.
6:50 of 3rd period - Craig Smith wins face-off versus Anton Gustafsson in Carnivores zone.
6:59 of 3rd period - Slapshot by Melker Karlsson.
6:59 of 3rd period - Deflect By Craig Smith.
6:59 of 3rd period - Stopped by Niklas Svedberg without a rebound.
7:00 of 3rd period - Melker Karlsson wins face-off versus Scott Laughton in Carnivores zone.
7:05 of 3rd period - Wrist shot by Jonathan Drouin.
7:05 of 3rd period - Stopped by Niklas Svedberg with a rebound.
7:07 of 3rd period - Snap shot by Jonathan Drouin.
7:07 of 3rd period - Shot Blocked by Mat Clark.
7:09 of 3rd period - Wrist shot by Craig Smith.
7:09 of 3rd period - Shot Misses the Net.
7:11 of 3rd period - Snap shot by Melker Karlsson.
7:11 of 3rd period - Stopped by Niklas Svedberg with a rebound.
7:13 of 3rd period - Snap shot by Craig Smith.
7:13 of 3rd period - Shot Blocked by Mat Clark.
7:15 of 3rd period - Snap shot by Scott Mayfield.
7:15 of 3rd period - Shot Blocked by Mattias Backman.
7:21 of 3rd period - Minor Penalty to Nicolas Kerdiles for Interference.
7:22 of 3rd period - Anton Gustafsson wins face-off versus Melker Karlsson in Carnivores zone.
8:12 of 3rd period - T.J Brodie is hit by Andrew O'Brien and loses puck.
9:21 of 3rd period - Penalty to Nicolas Kerdiles is over, Nicolas Kerdiles is back on ice.
9:28 of 3rd period - Off-side.
9:29 of 3rd period - Markus Granlund wins face-off versus Iven Barbashev in neutral zone.
9:36 of 3rd period - Slapshot by Mark McNeill.
9:36 of 3rd period - Shot Blocked by Dakota Mermis.
10:05 of 3rd period - Wrist shot by Nick Schmaltz.
10:05 of 3rd period - Shot Misses the Net.
10:07 of 3rd period - Snap shot by Curtis Hamilton.
10:07 of 3rd period - Deflect By Hunter Shinkaruk.
10:07 of 3rd period - Shot Misses the Net.
10:07 of 3rd period - Puck is out of play.
10:08 of 3rd period - Melker Karlsson wins face-off versus Lucas Wallmark in Carnivores zone.
10:33 of 3rd period - Josh Morrissey is hit by Jordan Schmaltz and loses puck.
11:19 of 3rd period - Icing by Nicolas Kerdiles.
11:20 of 3rd period - Iven Barbashev wins face-off versus Scott Laughton in Carnivores zone.
11:27 of 3rd period - Snap shot by Nick Schmaltz.
11:27 of 3rd period - Deflect By Iven Barbashev.
11:27 of 3rd period - Stopped by Niklas Svedberg with a rebound.
11:45 of 3rd period - T.J Brodie is hit by Henrik Samuelsson and loses puck.
12:03 of 3rd period - Slapshot by Nicolas Kerdiles.
12:03 of 3rd period - Shot Misses the Net.
12:25 of 3rd period - Wrist shot by Will Butcher.
12:25 of 3rd period - Shot Misses the Net.
12:27 of 3rd period - Snap shot by Anthony Beauvillier.
12:27 of 3rd period - Stopped by Niklas Svedberg without a rebound.
12:28 of 3rd period - Melker Karlsson wins face-off versus Markus Granlund in Carnivores zone.
12:32 of 3rd period - Icing by Travis Dermott.
12:33 of 3rd period - Mark McNeill wins face-off versus Craig Smith in Carnivores zone.
12:33 of 3rd period - Mark McNeill is hit by Craig Smith.
12:39 of 3rd period - Snap shot by Travis Dermott.
12:39 of 3rd period - Stopped by Anthony Stolarz without a rebound.
12:40 of 3rd period - Melker Karlsson wins face-off versus Markus Granlund in Mustangs zone.
13:40 of 3rd period - Wrist shot by Craig Smith.
13:40 of 3rd period - Shot Blocked by Travis Dermott.
13:54 of 3rd period - Snap shot by Blake Geoffrion.
13:54 of 3rd period - Shot Blocked by Jordan Schmaltz.
13:56 of 3rd period - Snap shot by Blake Geoffrion.
13:56 of 3rd period - Goal by Blake Geoffrion - Carnivores : 5 - Mustangs : 2.
13:57 of 3rd period - Henrik Samuelsson wins face-off versus Scott Laughton in neutral zone.
13:59 of 3rd period - Minor Penalty to Scott Mayfield for Elbowing.
14:00 of 3rd period - Scott Laughton wins face-off versus Craig Smith in Mustangs zone.
14:00 of 3rd period - Wrist shot by Joel Armia.
14:00 of 3rd period - Shot Misses the Net.
14:02 of 3rd period - Wrist shot by Nicolas Kerdiles.
14:02 of 3rd period - Stopped by Anthony Stolarz without a rebound.
14:03 of 3rd period - Melker Karlsson wins face-off versus Nicolas Kerdiles in Mustangs zone.
14:16 of 3rd period - Slapshot by Nicolas Kerdiles.
14:16 of 3rd period - Stopped by Anthony Stolarz without a rebound.
14:17 of 3rd period - Melker Karlsson wins face-off versus Scott Laughton in Mustangs zone.
15:59 of 3rd period - Penalty to Scott Mayfield is over, Scott Mayfield is back on ice.
16:42 of 3rd period - Snap shot by Travis Dermott.
16:42 of 3rd period - Stopped by Anthony Stolarz without a rebound.
16:43 of 3rd period - Iven Barbashev wins face-off versus Anton Gustafsson in Mustangs zone.
16:43 of 3rd period - Iven Barbashev is hit by Nicolas Deslauriers.
16:49 of 3rd period - Slapshot by Nick Schmaltz.
16:49 of 3rd period - Shot Misses the Net.
17:05 of 3rd period - Minor Penalty to Nicolas Deslauriers for Slashing.
17:06 of 3rd period - Anton Gustafsson wins face-off versus Melker Karlsson in Carnivores zone.
17:19 of 3rd period - Slapshot by Will Butcher.
17:19 of 3rd period - Deflect By Jonathan Drouin.
17:19 of 3rd period - Shot Misses the Net.
17:19 of 3rd period - Puck is out of play.
17:20 of 3rd period - Anton Gustafsson wins face-off versus Melker Karlsson in Carnivores zone.
17:55 of 3rd period - Markus Granlund is hit by Henrik Samuelsson and loses puck.
18:20 of 3rd period - T.J Brodie is hit by Craig Smith and loses puck.
19:05 of 3rd period - Penalty to Nicolas Deslauriers is over, Nicolas Deslauriers is back on ice.
Goals for this period are 1 for Carnivores vs 0 for Mustangs.
Shots for this period are 9 for Carnivores vs 7 for Mustangs.